 Dungeon Crawl Stone Soup version 0.17.2-1-ge4368a0 (webtiles) character file.

359 magog001 the Skirmisher (level 6, 0/76 HPs)
             Began as a Formicid Abyssal Knight on Nov 1, 2016.
             Was a Believer of Lugonu.
             Slain by a worker ant (1 damage)
             ... on level 3 of the Dungeon.
             The game lasted 00:24:23 (4197 turns).

magog001 the Skirmisher (Formicid Abyssal Knight)   Turns: 4197, Time: 00:24:23

Health: 0/76       AC: 23    Str: 18    XL:     6   Next: 97%
Magic:  8/8        EV:  2    Int: 12    God:    Lugonu [**....]
Gold:   209        SH:  0    Dex: 10    Spells: 0 memorised, 5 levels left

rFire  . . .     SeeInvis .     J - -3 dagger (curse)
rCold  . . .     Clarity  .     (armour currently unavailable)
rNeg   + + +     SustAt   .     (no shield)
rPois  +         Gourm    .     (helmet unavailable)
rElec  .         Spirit   .     (cloak currently unavailable)
rCorr  .         Warding  .     (gloves currently unavailable)
rMut   .         Stasis   +     (boots currently unavailable)
MR     .....                    (no amulet)
Stlth  ++........               (no ring)
                                (no ring)

@: lethally poisoned (0 -> -1), tree-form, not resistant to hostile
enchantments, unstealthy
A: permanent stasis, dig shafts and tunnels, four strong arms, (antennae 0)
a: Depart the Abyss, Bend Space, Renounce Religion


You were on level 3 of the Dungeon.
You worshipped Lugonu.
Lugonu was pleased with you.
You were hungry.
You were a tree.
You visited 1 branch of the dungeon, and saw 5 of its levels.
You visited the Abyss 1 time.

You collected 209 gold pieces.

Inventory:

Hand Weapons
 i - a +0 hunting sling
 r - a +4 spear of piercing
 s - a +4 whip
 x - a +2 spear of piercing
 J - a cursed -3 dagger (weapon)
 K - a +0 spear of venom
Missiles
 d - 43 bolts
 l - 71 arrows
 t - 93 stones (quivered)
 y - 11 poisoned needles
 D - 27 arrows of frost
Armour
 a - a +0 gold dragon armour (melded)
 m - a +0 leather armour
 q - a +0 cloak (melded)
 v - a cursed -2 shield
Wands
 n - a wand of fireball (5)
 u - a wand of slowing (13)
Scrolls
 b - a scroll of fog
 g - a scroll of amnesia {unknown}
 h - 2 scrolls of recharging
 k - 4 scrolls of identify
 A - a scroll of fear {unknown}
Potions
 j - 2 potions of resistance
 o - 2 potions of ambrosia
 z - a potion of might
 C - 2 potions of brilliance
 F - a potion of haste
Books
 L - a book of Alchemy

   Spells                             Type                      Level
   a - Sublimation of Blood           Necromancy                   2
   b - Ignite Poison                  Fire/Transmutation/Poison    3
   c - Alistair's Intoxication        Transmutation/Poison         4
   d - Condensation Shield            Ice                          4
   e - Petrify                        Transmutation/Earth          4
   f - Irradiate                      Conjuration/Transmutation    5
Comestibles
 c - 5 bread rations
 f - 2 slices of pizza
 p - a meat ration
 w - a beef jerky
 I - 4 fruits


   Skills:
 + Level 5.0 Fighting
   Level 2.3(3.0) Axes
 + Level 2.6(3.1) Polearms
 + Level 3.5 Armour
 + Level 2.8 Dodging
 + Level 1.0 Stealth
 + Level 2.8 Invocations


You had 5 spell levels left.
You didn't know any spells.

Dungeon Overview and Level Annotations

Branches:
Dungeon (5/15)             Temple (0/1) D:4

Altars:
Ashenzari
Makhleb
Nemelex Xobeh
Okawaru
Trog
Vehumet
The Shining One


Innate Abilities, Weirdness & Mutations

You are under a permanent stasis effect.
You can dig through walls and to a lower floor.
Your four strong arms can wield two-handed weapons with a shield.
((You have a pair of large antennae on your head (SInv).))


Message History

The worker ant is severely wounded.
You feel sick.
The worker ant bites you but does no damage.
You closely miss the worker ant.
The worker ant is severely wounded.
The worker ant bites you but does no damage.
Drink which item? (? for menu, Esc to quit)
It was a potion of haste.
This potion cannot work under stasis.
Drink which item? (? for menu, Esc to quit)
It was a potion of lignification.
You turn into a tree.
Your +0 cloak melds into your body.
Your +0 gold dragon armour melds into your body.
Your roots penetrate the ground.
The worker ant bites you.
* * * LOW HITPOINT WARNING * * *
The worker ant bites you.
* * * LOW HITPOINT WARNING * * *
You hit the worker ant but do no damage.
The worker ant is severely wounded.
The worker ant bites you.
You die...

#.........[.....#.#.....#.#
#.###....########.#..####.#
####.###...##### #....# #.#
÷....##........# #..#.# #.#
#######........# #..[.## #.#
...............# ###.#...# #.#
....##.........# #...##..# #.# #
#######...########.####..###.# ##
##....).>..a♣..# #......###.
#####......)###########....<.....
................................#
.............#########..........#
.............## ######.##.......#
..............###......##.......#
............#.....#######.......#
...............##### #.......#
...............#...## #.......#


You could see a worker ant.

Vanquished Creatures
  A sky beast (D:4)
  3 iron imps (D:3)
  An orc wizard (D:3)
  A hound skeleton (D:4)
  5 adders
  An ooze (D:1)
  A worm (D:3)
  2 giant geckos (D:1)
  7 orcs (D:3)
  A ball python (D:2)
  3 giant cockroaches
  13 goblins
  7 hobgoblins
  4 quokkas
  7 bats
  3 giant newts
  11 kobolds
  6 rats
77 creatures vanquished.

Notes
Turn   | Place    | Note
--------------------------------------------------------------
     0 | Abyss:1  | magog001 the Formicid Abyssal Knight began the quest for the Orb.
     0 | Abyss:1  | Reached XP level 1. HP: 18/18 MP: 2/2
    51 | Abyss:1  | Noticed a thrashing horror
    54 | D:1      | Escaped the Abyss
    99 | D:1      | Reached * piety under Lugonu
   282 | D:1      | Reached XP level 2. HP: 17/24 MP: 3/3
   439 | D:1      | Reached XP level 3. HP: 30/30 MP: 5/5
   666 | D:1      | Reached skill level 1 in Dodging
   803 | D:2      | Reached skill level 4 in Fighting
   957 | D:2      | Found a bloodstained altar of Trog.
  1125 | D:2      | Found a shattered altar of Ashenzari.
  1424 | D:2      | Reached XP level 4. HP: 33/37 MP: 6/6
  1631 | D:2      | Found an iron altar of Okawaru.
  1631 | D:2      | Found a glowing golden altar of the Shining One.
  1633 | D:2      | Found a radiant altar of Vehumet.
  1835 | D:2      | Found a sparkling altar of Nemelex Xobeh.
  2520 | D:3      | Reached ** piety under Lugonu
  2532 | D:3      | Reached skill level 1 in Polearms
  2532 | D:3      | Reached XP level 5. HP: 21/43 MP: 7/7
  2950 | D:3      | Found a burning altar of Makhleb.
  3100 | D:3      | Reached XP level 6. HP: 49/49 MP: 8/8
  3426 | D:4      | Noticed a sky beast
  3435 | D:4      | Killed a sky beast
  3435 | D:4      | Reached skill level 5 in Fighting
  3750 | D:4      | Reached skill level 1 in Stealth
  3898 | D:4      | Found a staircase to the Ecumenical Temple.
  4131 | D:5      | Entered Level 5 of the Dungeon
  4196 | D:3      | HP: 2/76 [worker ant (5)]
  4197 | D:3      | Slain by a worker ant

Action                   |  1- 3 |  4- 6 || total
-------------------------+-------+-------++-------
Melee: Hand axe          |    33 |       ||    33
       Spear             |    43 |   146 ||   189
       Dagger            |       |   141 ||   141
Throw: Stone             |       |     2 ||     2
Invok: Depart the Abyss  |     1 |       ||     1
 Abil: Dig               |       |     4 ||     4
Evoke: Wand              |       |     3 ||     3
  Use: Scroll            |     4 |     4 ||     8
       Potion            |       |     3 ||     3
  Eat: Chunk             |     2 |     5 ||     7
       Bread ration      |       |     1 ||     1
